 Dungeon Crawl Stone Soup version 0.28.0-53-g5a82cb258f (webtiles) character file.

Game seed: 4350837459240084834

173 Tiocfaidh the Insei (level 5, -2/41 HPs)
             Began as a Gnoll Transmuter on July 1, 2022.
             Killed by divine providence
             ... invoked by an orc priest
              (12 damage)
             ... on level 4 of the Dungeon.
             The game lasted 00:15:27 (2610 turns).

Tiocfaidh the Insei (Gnoll Transmuter)              Turns: 2610, Time: 00:15:28

Health: -2/41      AC:  4    Str: 11    XL:     5   Next: 53%
Magic:  12/12      EV: 12    Int: 18    God:
Gold:   126        SH:  7    Dex: 13    Spells: 10/14 levels left

rFire   . . .      SeeInvis .   r - +1 mace (vorpal)
rCold   + . .      Faith    .   j - +0 kite shield
rNeg    . . .      Spirit   .   a - +0 robe
rPois   .          Reflect  .   (helmet currently unavailable)
rElec   .          Harm     .   c - +0 cloak
rCorr   .          Rampage  .   m - +0 pair of gloves
Will    .....                   (boots currently unavailable)
Stlth   ++........              (no amulet)
HPRegen 0.13/turn               h - +6 ring of intelligence
MPRegen 0.13/turn               o - ring of protection from cold

@: appendages (expiring)
A: horns 2, talons 2, fangs 1, strong nose, distributed training
a: End Transformation


You were on level 4 of the Dungeon.
You had temporarily grown beastly horns and talons.
You visited 1 branch of the dungeon, and saw 4 of its levels.

You collected 126 gold pieces.

Inventory:

Hand Weapons
 r - a +1 vorpal mace (weapon)
Missiles
 b - 5 boomerangs of dispersal (quivered)
 n - 2 poisoned darts
Armour
 a - a +0 robe (worn)
 c - a +0 cloak (worn)
 j - a +0 kite shield (worn)
 m - a +0 pair of gloves (worn)
Jewellery
 h - a +6 ring of intelligence (left hand)
 o - a ring of protection from cold (right hand)
Scrolls
 d - a scroll of magic mapping
 f - a scroll of blinking
 g - a scroll of fog
 i - a scroll of fear
 k - a scroll of enchant weapon {unknown}
 p - a scroll of noise {unknown}
Potions
 e - a potion of curing
 l - a potion of degeneration {unknown}
 q - 2 potions of lignification {unknown}


   Skills:
 + Level 3.0 Fighting
 + Level 1.5 Short Blades
 + Level 1.5 Long Blades
 + Level 1.5 Axes
 + Level 1.5 Maces & Flails
 + Level 1.5 Polearms
 + Level 1.5 Staves
 + Level 1.5 Slings
 + Level 1.5 Bows
 + Level 1.5 Crossbows
 + Level 1.5 Throwing
 + Level 1.5 Armour
 + Level 4.8 Dodging
 + Level 1.5 Stealth
 + Level 1.5 Shields
 + Level 6.7 Unarmed Combat
 + Level 5.2 Spellcasting
 + Level 1.2 Conjurations
 + Level 1.2 Hexes
 + Level 1.2 Summonings
 + Level 1.2 Necromancy
 + Level 1.2 Translocations
 + Level 4.0 Transmutations
 + Level 1.2 Fire Magic
 + Level 1.2 Ice Magic
 + Level 1.2 Air Magic
 + Level 1.2 Earth Magic
 + Level 1.2 Poison Magic
 + Level 1.7 Invocations
 + Level 1.5 Evocations


You had 10 spell levels left.
You knew the following spells:

 Your Spells              Type           Power      Damage    Failure   Level
a - Beastly Appendage     Tmut           38%        N/A       9%          1
b - Spider Form           Tmut/Pois      14%        N/A       41%         3

Your spell library contained the following spells:

 Spells                   Type           Power      Damage    Failure   Level
 Wereblood                Tmut           19%        N/A       13%         2
 Ice Form                 Ice/Tmut       14%        N/A       82%         4


Dungeon Overview and Level Annotations

Branches:
Dungeon (4/15)
 Temple: D:4-7

Altars:

Shops:
D:4 *

Annotations:
D:2 Natasha
D:4 3 runed translucent doors, markstv's ghost, amateur DDFi


Innate Abilities, Weirdness & Mutations

You have temporarily grown beastly horns and talons.
You have very sharp teeth.
Your uncanny sense of smell can sniff out nearby items.
Your experience applies equally to all skills.


Message History

You kill the orc wizard!
The orc barely misses you.
You closely miss the orc. You claw the orc. Your headbutt misses the orc.
The orc is heavily wounded.
The orc priest calls upon Beogh to heal the orc.
The orc's wounds heal themselves!
You hit the orc wizard.
The orc wizard is lightly wounded.
You block the orc wizard's attack.
You barely miss the orc wizard.
The orc wizard is lightly wounded.
The orc wizard barely misses you.
You closely miss the orc wizard. You headbutt the orc wizard.
The orc wizard is heavily wounded.
The orc wizard hits you but does no damage.
The orc priest mumbles some strange prayers to Beogh against you.
Beogh smites you! The orc wizard misses you.
You barely miss the orc wizard. Your kick misses the orc wizard.
The orc wizard is heavily wounded.
The orc wizard hits you but does no damage.
You hit the orc wizard but do no damage.
You claw the orc wizard, but do no damage.
Your bite misses the orc wizard.
The orc wizard is heavily wounded.
The orc wizard hits you but does no damage.
The orc wizard hits you with a +0 dagger.
You hit the orc wizard.
The orc wizard is almost dead.
The orc wizard hits you with a +0 dagger.
* * * LOW HITPOINT WARNING * * *
You hit the orc wizard.
You kill the orc wizard!
Your Fighting skill increases to level 3!
Your Transmutations skill increases to level 4!
The orc hits you with a +0 short sword.
* * * LOW HITPOINT WARNING * * *
Your transformation is almost over.
The orc priest invokes the aid of Beogh against you.
Beogh smites you!
You die...

##.# #..........#.##..........
##[# #..#####..##....####.##..
##.# #..# #........# #.##.. ##.#
#..#####.###....# #.##.. .#.####
#......#.###..#.####.##..
#.....###.####.<..............#?#
......................#.#####.#.#
.........#######.####...........#
#+++###..# #@# ###.#####.###


KKWK..# .# #.# #... ..... ..g...# # #o# ###........ ......# #o# #.###.###
......#. #.# # # #.# .....!#.. #o# #.# #o# ... #)# ... You could see an orc
priest and 3 orcs.

Vanquished Creatures
  A bullfrog skeleton (D:4)
  2 orc wizards (D:4)
  2 adders (D:2)
  2 worms (D:3)
  2 dart slugs (D:1)
  6 orcs (D:4)
  7 ball pythons
  8 bats
  3 endoplasms
  2 giant cockroaches (D:2)
  5 goblins
  3 hobgoblins
  4 kobolds
  A quokka (D:2)
  5 frilled lizards
  6 rats
59 creatures vanquished.

Vanquished Creatures (others)
  A plant (D:3)
1 creature vanquished.

Grand Total: 60 creatures vanquished

Notes
Turn   | Place    | Note
-------+----------+-------------------------------------------
     0 | D:1      | Tiocfaidh the Gnoll Transmuter began the quest for the Orb.
     0 | D:1      | Reached XP level 1. HP: 17/17 MP: 6/6
   124 | D:1      | Reached XP level 2. HP: 23/23 MP: 7/7
   452 | D:1      | Reached XP level 3. HP: 28/28 MP: 7/9
   490 | D:1      | Reached skill level 5 in Spellcasting
   943 | D:2      | Learned a level 3 spell: Spider Form
  1102 | D:2      | Reached skill level 1 in Invocations
  1291 | D:3      | Noticed Natasha
  1303 | D:2      | Reached skill level 1 in Short Blades
  1303 | D:2      | Reached skill level 1 in Long Blades
  1303 | D:2      | Reached skill level 1 in Axes
  1303 | D:2      | Reached skill level 1 in Maces & Flails
  1303 | D:2      | Reached skill level 1 in Polearms
  1303 | D:2      | Reached skill level 1 in Staves
  1303 | D:2      | Reached skill level 1 in Slings
  1303 | D:2      | Reached skill level 1 in Bows
  1303 | D:2      | Reached skill level 1 in Crossbows
  1303 | D:2      | Reached skill level 1 in Throwing
  1303 | D:2      | Reached skill level 1 in Armour
  1303 | D:2      | Reached skill level 1 in Stealth
  1303 | D:2      | Reached skill level 1 in Shields
  1303 | D:2      | Reached skill level 1 in Evocations
  1304 | D:2      | Reached XP level 4. HP: 14/34 MP: 9/11
  1510 | D:3      | Found a faded altar of an unknown god.
  2226 | D:4      | Found Vipsiduck's Fire Supplies.
  2342 | D:4      | Reached skill level 1 in Conjurations
  2342 | D:4      | Reached skill level 1 in Hexes
  2342 | D:4      | Reached skill level 1 in Summonings
  2342 | D:4      | Reached skill level 1 in Necromancy
  2342 | D:4      | Reached skill level 1 in Translocations
  2342 | D:4      | Reached skill level 1 in Fire Magic
  2342 | D:4      | Reached skill level 1 in Ice Magic
  2342 | D:4      | Reached skill level 1 in Air Magic
  2342 | D:4      | Reached skill level 1 in Earth Magic
  2342 | D:4      | Reached skill level 1 in Poison Magic
  2374 | D:4      | Found a runed translucent gate.
  2374 | D:4      | Found a runed translucent gate.
  2374 | D:4      | Found a runed translucent gate.
  2375 | D:4      | Noticed a kobold brigand
  2377 | D:4      | Noticed markstv's ghost (amateur DDFi)
  2446 | D:4      | Reached XP level 5. HP: 25/40 MP: 12/12
  2541 | D:4      | Noticed an ogre
  2610 | D:4      | Killed from afar by an orc priest

Illustrated notes

Levels and vault maps discovered:
D:1:      minmay_arrival_four_circles, layout_loops_ring
D:2:      layout_basic
D:3:      layout_rooms, nicolae_ecumenical_snake_handling,
          serial_bayou_lagoon_a, uniq_natasha
D:4:      layout_loops_ring, gammafunk_ghost_split, nicolae_shop_fire_sale
          [nicolae_sub_dead_trees]

Skill      XL: |  1  2  3  4  5 |
---------------+----------------+-----
Spellcasting   | 5 |  5.2
Invocations    | 1 |  1.7
Short Blades   | 1 |  1.5
Long Blades    | 1 |  1.5
Axes           | 1 |  1.5
Maces & Flails | 1 |  1.5
Polearms       | 1 |  1.5
Staves         | 1 |  1.5
Slings         | 1 |  1.5
Bows           | 1 |  1.5
Crossbows      | 1 |  1.5
Throwing       | 1 |  1.5
Armour         | 1 |  1.5
Stealth        | 1 |  1.5
Shields        | 1 |  1.5
Evocations     | 1 |  1.5
Conjurations   | 1 |  1.2
Hexes          | 1 |  1.2
Summonings     | 1 |  1.2
Necromancy     | 1 |  1.2
Translocations | 1 |  1.2
Fire Magic     | 1 |  1.2
Ice Magic      | 1 |  1.2
Air Magic      | 1 |  1.2
Earth Magic    | 1 |  1.2
Poison Magic   | 1 |  1.2
Fighting       | 3 |  3.0
Transmutations | 4 |  4.0
Dodging        | |  4.8
Unarmed Combat | |  6.7

Action                   |  1- 3 |  4- 6 || total
-------------------------+-------+-------++-------
Melee: Unarmed           |    61 |    49 ||   110
       Bite              |     8 |     6 ||    14
       Kick              |    13 |    15 ||    28
       Punch             |     1 |       ||     1
       Headbutt          |     1 |    10 ||    11
       Mace              |       |    13 ||    13
 Cast: Beastly Appendage |    20 |    12 ||    32
  Use: Potion            |     1 |       ||     1
       Scroll            |       |     6 ||     6
 Stab: Sleeping          |     2 |       ||     2
Armor: Robe              |    14 |     9 ||    23
Dodge: Dodged            |    40 |    32 ||    72
Block: Buckler           |     5 |       ||     5
       Kite shield       |     3 |    23 ||    26
